[Event "Late-Titled-Tuesday-Blitz-October-17-2023"]
[Site "Chess.com"]
[Date "2023.10.17"]
[Round "4"]
[White "drdaro"]
[Black "rdarruda"]
[Result "1-0"]
[WhiteElo "2262"]
[BlackElo "2468"]
[TimeControl "180+1"]
[EndTime "14:39:02 PDT"]
[Termination "drdaro won by resignation"]

1. Nf3 d5 2. c4 c6 3. d4 Nf6 4.
Nc3 g6 5. e3 Bg7 6. Be2 O-O 7.
O-O b6 8. b3 Bb7 9. Bb2 e6 10.
a4 Nbd7 11. a5 Rb8 12. Ba3 Re8 13. Bd6 Ra8 14. a6 Bc8 15. cxd5 exd5 16. Rc1 Nb8 17.
Bxb8 Rxb8 18. Na4 Qd6 19. Ne5 Bd7 20. Nxd7 Qxd7 21. Nb2 Rbc8 22. b4 Qd6 23. Nd3 Ne4 24. Qa4 f5 25. Rc2 Re7 26. Rfc1 Rec7 27. Bf3 Bf8 28. Ne5 c5 29. bxc5 bxc5 30. Bxe4 fxe4 31. Qa5 c4 32. Rb1 Bg7 33. f4 exf3 34. Nxf3 Re7 35.
Rc3 Rd8 36. Rb7 h6 37. Kf2 Rde8 38. Rxe7 Rxe7 39. Rc1 g5 40. h3 Bf6 41. Rb1 h5 42. Rb7 g4 43. hxg4 hxg4 44. Rxe7 Bxe7 45. Ne5 Bh4+ 46.
g3 Bd8 47. Qb5 Qf6+ 48. Ke2 Bc7 49. Qxd5+ Kg7 50. Qd7+ Kg8 51. Qxc7 Qf5 52. Qxc4+ Kh8 53. Qd3 Qh5 54. Qg6 Qh2+ 55. Kd3 Qa2 56. Nf7+ 1-0

[Event "Late-Titled-Tuesday-Blitz-October-17-2023"]
[Site "Chess.com"]
[Date "2023.10.17"]
[Round "4"]
[White "borocotoajua"]
[Black "AradNazari"]
[Result "0-1"]
[WhiteElo "2569"]
[BlackElo "2898"]
[TimeControl "180+1"]
[EndTime "14:39:04 PDT"]
[Termination "AradNazari won on time"]

1. d4 Nf6 2. Nf3 g6 3. c4 Bg7 4. g3 O-O 5. Bg2 c6 6. O-O d5 7. Nc3 dxc4 8. Ne5 Ng4 9. Nxc4 Qxd4 10. Qxd4 Bxd4 11. Bf4 Nd7 12. h3 Nge5 13. Na5 Bb6 14. b4 f6 15. Rfd1 g5 16. Bc1 Rb8 17. e3 Nf7 18. Bb2 Nde5 19. Ne4 g4 20. h4 Bf5 21. Nc5 Bxc5 22. bxc5 Rfc8 23. Bd4 b6 24. Nb3 Nf3+ 25. Bxf3 gxf3 26. Rac1 Be6 27. Nd2 Bxa2 28. Nxf3 Bd5 29. Nd2 e5 30. Ba1 b5 31. e4 Be6 32. f4 a5 33. f5 Bd7 34. Nc4 bxc4 35. Rxd7 Rb3 36.
Ra7 Rxg3+ 37. Kh2 Rg4 38. Rxc4 Rd8 39. Bc3 h5 40. Be1 Rd1 0-1

[Event "Late-Titled-Tuesday-Blitz-October-17-2023"]
[Site "Chess.com"]
[Date "2023.10.17"]
[Round "4"]
[White "johnmez"]
[Black "NigelDwarf"]
[Result "0-1"]
[WhiteElo "2328"]
[BlackElo "2551"]
[TimeControl "180+1"]
[EndTime "14:39:06 PDT"]
[Termination "NigelDwarf won by checkmate"]

1. b3 e5 2. Bb2 Nc6 3. e3 d5 4. Bb5 Ne7 5. Bxe5 a6 6. Bxc6+ Nxc6 7. Bb2 Qg5 8. g3 h5 9. h4 Qg6 10. Nc3 Bg4 11. Nce2 O-O-O 12. d4 Nb4 13. Kd2 c5 14. a3 Nc6 15. f3 Bf5 16. Rc1 Bd6 17. Nh3 Bxh3 18.
Rxh3 Rhe8 19. Qg1 Ne7 20. Nf4 Bxf4 21. gxf4 Qe6 22. Rh2 Nf5 23. Re1 Rd7 24. Rhe2 Rde7 25. dxc5 Nxh4 26. Qg3 Nf5 27. Qg5 f6 28. Qxh5 Ng3 29.
Qg6 Nxe2 30. Rxe2 Qc6 31. Bd4 Qe6 32. Qd3 Qh3 33. a4 Kb8 34. c6 Qxf3 35. Bc5 Re6 36. cxb7 Kxb7 37. Qc3 Qe4 38. Bd4 Rc8 39. Qb4+ Ka8 40.
Kc1 Rec6 41. Qa5 Rxc2+ 42. Kd1 Rc1+ 43. Kd2 R8c2# 0-1

[Event "Late-Titled-Tuesday-Blitz-October-17-2023"]
[Site "Chess.com"]
[Date "2023.10.17"]
[Round "4"]
[White "Alimpic"]
[Black "mfwagnerpeixoto"]
[Result "1-0"]
[WhiteElo "2500"]
[BlackElo "2322"]
[TimeControl "180+1"]
[EndTime "14:39:06 PDT"]
[Termination "Alimpic won on time"]

1. d4 Nf6 2. Bf4 c5 3. e3 d6 4. Nf3 Nc6 5. Be2 Qb6 6. Na3 Be6 7. O-O a6 8. b3 Nd5 9. Bg3 Nc3 10.
Qd2 Nxe2+ 11. Qxe2 cxd4 12. exd4 Nxd4 13. Nxd4 Qxd4 14.
c4 g6 15. Rad1 Qc5 16. Nc2 Bg7 17. Ne3 O-O 18. Nd5 Bxd5 19. Rxd5 Qc7 20. Rfd1 Rfe8 21.
c5 Rad8 22. cxd6 exd6 23. Qd3 Qc6 24. Bxd6 h5 25. h4 Re6 26. Bf4 Rde8 27. g3 Re1+ 28.
Rxe1 Rxe1+ 29. Kh2 Re8 30. Rd8 Rxd8 31. Qxd8+ Kh7 32.
Qd3 Qe6 33. Be3 Qg4 34. a4 Qb4 35. Kg2 Qe7 36. Kh2 Qb4 37. Kg2 Qe7 38. Qd5 Qb4 39. Qc4 Qe7 40. b4 Bf8 41. b5 1-0

[Event "Late-Titled-Tuesday-Blitz-October-17-2023"]
[Site "Chess.com"]
[Date "2023.10.17"]
[Round "4"]
[White "DryCounty"]
[Black "GMKrikor"]
[Result "1-0"]
[WhiteElo "2665"]
[BlackElo "2824"]
[TimeControl "180+1"]
[EndTime "14:39:07 PDT"]
[Termination "DryCounty won by resignation"]

1. e4 e6 2. d4 d5 3. exd5 exd5 4.
Nf3 Nf6 5. Bd3 Bd6 6. Qe2+ Be7 7. O-O O-O 8. Re1 Bd6 9. Bg5 h6 10. Bh4 Be6 11. Ne5 Nbd7 12. Nd2 Re8 13. Ndf3 g5 14.
Bg3 Ne4 15. Bxe4 dxe4 16. Qxe4 Nf6 17. Qd3 c6 18. c4 Bc7 19. Rad1 Qe7 20. h4 g4 21. Nh2 h5 22. Qe3 Nh7 23. Qh6 f6 24.
Ng6 Qg7 25. Qxg7+ Kxg7 26. Bxc7 Kxg6 27. d5 cxd5 28. cxd5 Bd7 29. d6 Nf8 30. Re7 Rac8 31. Rde1 Ne6 32. R1xe6 Bxe6 33. Rxe6 Kf7 34. Rxe8 Kxe8 35.
Nf1 Kd7 36. Ng3 Rh8 37. Ne4 Ke6 38. f3 b6 39. Kf2 Rh7 40. Kg3 gxf3 41. Kxf3 Rg7 42. g3 Rg8 43. Nc3 Kd7 44. Ne2 Ke6 45. Nf4+ Kd7 46. Nxh5 Rf8 47. Nf4 Rh8 48. h5 f5 49. g4 fxg4+ 50. Kxg4 Rg8+ 51. Ng6 Re8 52. Kg5 Re1 53. h6 Rg1+ 54. Kf6 Rf1+ 55. Kg7 Ke6 56. h7 Rf7+ 57. Kh6 1-0

[Event "Late-Titled-Tuesday-Blitz-October-17-2023"]
[Site "Chess.com"]
[Date "2023.10.17"]
[Round "4"]
[White "jamengrand"]
[Black "imdvb6307"]
[Result "1/2-1/2"]
[WhiteElo "2339"]
[BlackElo "2496"]
[TimeControl "180+1"]
[EndTime "14:39:07 PDT"]
[Termination "Game drawn by repetition"]

1. e4 Nc6 2. Nc3 e5 3. Nf3 Nf6 4. d4 exd4 5. Nxd4 Bb4 6. Nxc6 bxc6 7. Bd3 O-O 8. O-O d5 9. exd5 cxd5 10. h3 h6 11. Qf3 c6 12. Bf4 Bd6 13. Ne2 a5 14. Rfd1 Ba6 15. c4 Bxf4 16. Nxf4 Qb6 17. cxd5 cxd5 18. Bxa6 Rxa6 19. b3 a4 20. Nxd5 Nxd5 21.
Qxd5 axb3 22. Qxb3 Qxb3 23. axb3 Rb6 24. Rd3 Rc8 25.
Rb1 Rc2 26. b4 Rc4 27. b5 Rc5 28. Rdb3 g5 29. g3 h5 30. Rb4 f5 31. Kg2 g4 32. f3 Rc2+ 33. Kg1 gxf3 34. Rf4 Rc5 35. Rfb4 Rc2 36. R4b2 Rxb2 37. Rxb2 Kf7 38. Kf2 Ke6 39. Kxf3 Ke5 40. Rb4 Ke6 41. Kf4 Kf6 42. h4 Ke6 43.
Kg5 Ke5 44. Kxh5 Rb8 45. Kh6 Kf6 46. Kh7 Rb7+ 47. Kh6 Rb8 48. Kh7 Rb7+ 49. Kh6 Rb8 1/2-1/2

[Event "Late-Titled-Tuesday-Blitz-October-17-2023"]
[Site "Chess.com"]
[Date "2023.10.17"]
[Round "4"]
[White "OLDTERMINATOR"]
[Black "Schwindle"]
[Result "0-1"]
[WhiteElo "1648"]
[BlackElo "2402"]
[TimeControl "180+1"]
[EndTime "14:39:09 PDT"]
[Termination "Schwindle won on time"]

1. e4 e6 2. d4 d5 3. Nc3 Nf6 4. e5 Ne4 5. Nxe4 dxe4 6. c3 c5 7. Be3 Nc6 8. Bb5 Bd7 9. Qe2 cxd4 10. cxd4 Bb4+ 11. Kf1 O-O 12. Nh3 a6 13. Ba4 Nxe5 14. dxe5 Bxa4 15. Kg1 Be7 16. b3 Bb5 17. Qg4 Kh8 18. Rd1 Bd3 19. g3 f5 20. exf6 Bxf6 21.
Nf4 Qe7 22. Nxd3 exd3 23. Rxd3 Qa3 24. Kg2 Qxa2 25. Rhd1 Rae8 26. Rd7 Qxb3 27. Bh6 gxh6 28. Qe4 Re7 29. Rxe7 Bxe7 30. Rd7 Rf7 31. Rxb7 Qd5 32.
Rb8+ Kg7 33. Qxd5 exd5 34. Rb6 Rf6 35. Rb7 Kf7 36. Kf1 Rd6 37. Ke2 d4 38. Kd3 h5 39.
Rb4 Bf6 40. Ra4 Ke6 41. Ra5 Kd7 42. Rxh5 Kc6 43. Rxh7 Kb5 44. h4 a5 45. h5 a4 46. Ra7 Kb4 0-1

[Event "Late-Titled-Tuesday-Blitz-October-17-2023"]
[Site "Chess.com"]
[Date "2023.10.17"]
[Round "4"]
[White "HajiyevKanan"]
[Black "KaydenTroffChess"]
[Result "0-1"]
[WhiteElo "2537"]
[BlackElo "2819"]
[TimeControl "180+1"]
[EndTime "14:39:10 PDT"]
[Termination "KaydenTroffChess won on time"]

1. d4 Nf6 2. Nf3 g6 3. g3 Bg7 4.
Bg2 O-O 5. O-O d5 6. b3 c5 7. Bb2 Ne4 8. e3 Qa5 9. Nbd2 Nxd2 10. Qxd2 Qxd2 11. Nxd2 e6 12. c4 dxc4 13. Nxc4 Nc6 14.
dxc5 Bxb2 15. Nxb2 Bd7 16. Rfd1 Rfd8 17. Nc4 Rab8 18. a3 b6 19. cxb6 axb6 20. Rxd7 Rxd7 21. Bxc6 Rd3 22. Rb1 Rc3 23. a4 Kg7 24. Kf1 f5 25. f4 Kf6 26. Rb2 Rc1+ 27. Ke2 Rd8 28. Rd2 Rc8 29. Bd7 Rb8 30. Rd6 Ke7 31. Rxb6 Rxb6 32.
Nxb6 Rb1 33. a5 Rxb3 34. Bc8 Kd6 35. Kd2 Kc7 36. Bxe6 Rb2+ 37. Kd3 Rxh2 38. Nc4 Rh1 39. Kd4 Kc6 40. Ke5 Rg1 41. a6 Ra1 42. Bd5+ Kc5 43.
Bg8 Rxa6 44. Nd2 Ra7 45. Nf3 Re7+ 46. Be6 Ra7 47. Nd4 Ra3 48. e4 fxe4 49. g4 e3 50. f5 gxf5 51. gxf5 Rd3 52. Ne2 Rd2 53. Nf4 e2 54.
Nxe2 Rxe2+ 55. Kf6 Kd6 56. Bg8 h5 57. Kg7 Rg2+ 58. Kh7 Ke5 59. Be6 Kf6 60. Kh6 h4 0-1

[Event "Late-Titled-Tuesday-Blitz-October-17-2023"]
[Site "Chess.com"]
[Date "2023.10.17"]
[Round "4"]
[White "sorch29"]
[Black "KChor05TTV"]
[Result "0-1"]
[WhiteElo "2391"]
[BlackElo "2656"]
[TimeControl "180+1"]
[EndTime "14:39:10 PDT"]
[Termination "KChor05TTV won by resignation"]

1. c4 Nf6 2. Nc3 g6 3. e4 d6 4. d4 Bg7 5. Nf3 O-O 6. Be2 e5 7. d5 Na6 8. Bg5 Qe8 9. Nd2 c6 10. g4 cxd5 11. cxd5 Bd7 12. a4 Rc8 13. h4 Nc5 14. h5 a6 15. b4 Nd3+ 16. Bxd3 Rxc3 17. Be2 Qc8 18. h6 Bh8 19. Kf1 Nxg4 20. Kg2 f5 21.
Bxg4 fxg4 22. Be3 g3 23. Kxg3 Rf4 24. Kg2 Rg4+ 25. Kf1 Qf8 26. Qe2 Rg3 27. Ke1 Bg4 28. fxg3 Bxe2 29. Kxe2 Qc8 30. Raf1 Qg4+ 31. Rf3 Bf6 32. Rf1 Be7 33. Ke1 Rc1+ 34. Ke2 Rxf1 35. Nxf1 Bg5 36. Kf2 Bxe3+ 37. Nxe3 Qxe4 38. Rf6 Qxb4 39.
Re6 Kf7 40. g4 Qf4+ 41. Ke2 e4 42. Nc4 Qf3+ 43. Ke1 Qc3+ 44. Nd2 e3 45. Ke2 Qxd2+ 46. Kf3 Qf2+ 47. Ke4 e2 48. Kd3 e1=Q 0-1

[Event "Late-Titled-Tuesday-Blitz-October-17-2023"]
[Site "Chess.com"]
[Date "2023.10.17"]
[Round "4"]
[White "victormago"]
[Black "Vigg-Sama"]
[Result "1-0"]
[WhiteElo "2453"]
[BlackElo "2198"]
[TimeControl "180+1"]
[EndTime "14:39:12 PDT"]
[Termination "victormago won by resignation"]

1. d4 Nf6 2. c4 g6 3. Nc3 d5 4.
cxd5 Nxd5 5. e4 Nxc3 6. bxc3 Bg7 7. Nf3 c5 8. Be3 Qa5 9. Qd2 O-O 10. Rb1 Rd8 11.
Rb5 Qa3 12. Rxc5 Na6 13. Rd5 Bg4 14. Rxd8+ Rxd8 15. Be2 Rc8 16. c4 Bxf3 17. gxf3 Nb4 18. O-O Rd8 19. d5 Bc3 20. Qd1 Qxa2 21. f4 a5 22. Bc5 Re8 23. e5 a4 24. Qc1 Bd2 25.
Qb1 Qxb1 26. Rxb1 Na6 27. Be3 Bxe3 28. fxe3 Nc5 29. Bd1 a3 30. Ra1 Ra8 31. Kf2 f6 32.
exf6 exf6 33. Bc2 f5 34. Ke2 Kf7 35. Kd2 Ke7 36. Kc3 Kd6 37. Kb4 a2 38. h4 Re8 39.
Rxa2 Na6+ 40. Kb5 Rxe3 41. h5 Rc3 42. hxg6 hxg6 43. Bd1 Rd3 44. Ba4 Rf3 45. Rg2 Rxf4 46. Rxg6+ Kc7 47. Rg7+ Kb8 48. d6 Rd4 49. c5 Nxc5 50.
Kxc5 Rxa4 51. Rg8+ Ka7 52. d7 Ra5+ 53. Kb4 Rd5 54.
d8=Q 1-0

[Event "Late-Titled-Tuesday-Blitz-October-17-2023"]
[Site "Chess.com"]
[Date "2023.10.17"]
[Round "4"]
[White "Nekoo04"]
[Black "balachess2006"]
[Result "1-0"]
[WhiteElo "2273"]
[BlackElo "2590"]
[TimeControl "180+1"]
[EndTime "14:39:14 PDT"]
[Termination "Nekoo04 won by resignation"]

1. d4 Nf6 2. c4 g6 3. Nc3 d5 4. Nf3 Bg7 5. e3 O-O 6. Qb3 e6 7. Bd2 b6 8. Rc1 Bb7 9. cxd5 Nxd5 10. Bc4 Nxc3 11. bxc3 c5 12. O-O Nc6 13. Be2 Na5 14. Qc2 Qc7 15. c4 Nc6 16. d5 Ne5 17. Nxe5 Bxe5 18.
f4 Bg7 19. Bf3 exd5 20. cxd5 f5 21. d6 Qd7 22. Qb3+ Kh8 23. Bxb7 Qxb7 24. Rxc5 Rad8 25. Rc7 Qe4 26. Bb4 a5 27. Ba3 a4 28.
Qxb6 Rb8 29. Qc5 Rb1 30. Bc1 Ra1 31. Re7 Qd3 32. Qc7 Bf6 33. Rxh7+ Kg8 34. d7 Rxa2 35.
Rh3 Qe4 36. Rg3 Bg7 37. Rxg6 Kh7 38. Rxg7+ Kxg7 39. d8=Q+ Rf7 40. Qg5+ Kf8 41. Qc8+ Qe8 42. Qxe8+ Kxe8 43. Qg8+ Ke7 44. Qb8 Kf6 45. Qe5+ Kg6 46. Qe6+ Rf6 47. Qxa2 1-0

[Event "Late-Titled-Tuesday-Blitz-October-17-2023"]
[Site "Chess.com"]
[Date "2023.10.17"]
[Round "4"]
[White "Arash_Tahbaz"]
[Black "WPWPWP-2015"]
[Result "1-0"]
[WhiteElo "2898"]
[BlackElo "2567"]
[TimeControl "180+1"]
[EndTime "14:39:15 PDT"]
[Termination "Arash_Tahbaz won on time"]

1. Nf3 Nf6 2. g3 d5 3. Bg2 Bg4 4. O-O c6 5. d3 Nbd7 6. Nbd2 e6 7.
e4 Bd6 8. h3 Bxf3 9. Qxf3 O-O 10. Qe2 Bc5 11. Kh2 dxe4 12. dxe4 e5 13. Nb3 Bd6 14. Be3 Qc7 15. a4 Rfe8 16. Rfd1 Nf8 17. c3 Ne6 18. Qc4 h6 19. Rd2 Be7 20. a5 b6 21. Rad1 Reb8 22. axb6 axb6 23. Qe2 c5 24. Qb5 Qb7 25. Nc1 Nc7 26. Qe2 Re8 27. Nd3 Bf8 28. Ne1 b5 29. Nc2 Qc6 30. f3 Kh7 31. h4 Ra2 32. Ne1 c4 33. Bh3 Ne6 34. Ng2 b4 35. Bf5+ g6 36. Bxe6 Rxe6 37. cxb4 Bxb4 38. Rc2 Qb5 39. Rxc4 Rxb2 40. Qxb2 Qxc4 41.
Rc1 Qb5 42. Rb1 Qd3 43. Qxb4 Rc6 44. Qb3 Qxb3 45. Rxb3 Rc2 46. Rb7 1-0

[Event "Late-Titled-Tuesday-Blitz-October-17-2023"]
[Site "Chess.com"]
[Date "2023.10.17"]
[Round "4"]
[White "cthulhuuu"]
[Black "stregachess"]
[Result "1-0"]
[WhiteElo "2413"]
[BlackElo "2078"]
[TimeControl "180+1"]
[EndTime "14:39:15 PDT"]
[Termination "cthulhuuu won on time"]

1. e4 c5 2. Nf3 d6 3. g3 g6 4. Bg2 Bg7 5. O-O Nf6 6. Re1 Nc6 7.
c3 Bg4 8. h3 Bxf3 9. Qxf3 O-O 10.
Qd1 Rc8 11. d4 cxd4 12. cxd4 Qb6 13. Be3 Qxb2 14. Nd2 Qa3 15. Nc4 Qa6 16. Bf1 b5 17. Nd2 Qb7 18. Rb1 a6 19. a4 b4 20. d5 Ne5 21. f4 Ned7 22. a5 Nc5 23. Bf2 Rc7 24.
g4 Rb8 25. g5 Nh5 26. Be3 Qc8 27. Qg4 Bc3 28. f5 Ng7 29. fxg6 hxg6 30. Qg2 e6 31. Red1 exd5 32. exd5 Re7 33. Bf4 Qf5 34. Bxd6 Bd4+ 35.
Kh1 Re3 36. Bxb8 Rxh3+ 37. Qxh3 Qxd5+ 38. Bg2 Qd8 39. Nf3 Qxb8 40. Nxd4 b3 41. Nc6 Qf8 42. Rd8 Ne8 43. Re1 Ne6 44. Rxe6 fxe6 45. Qxe6+ Kg7 46.
Rxe8 1-0

[Event "Late-Titled-Tuesday-Blitz-October-17-2023"]
[Site "Chess.com"]
[Date "2023.10.17"]
[Round "4"]
[White "Carlitus2004"]
[Black "GianmarcoVaR"]
[Result "0-1"]
[WhiteElo "2482"]
[BlackElo "2704"]
[TimeControl "180+1"]
[EndTime "14:39:16 PDT"]
[Termination "GianmarcoVaR won by resignation"]

1. e4 c5 2. Nc3 Nc6 3. Bb5 Nd4 4. Nf3 a6 5. Bd3 Nc6 6. b3 d6 7. Bb2 e5 8. O-O Nf6 9. h3 Be7 10. Re1 O-O 11. Bf1 Qc7 12. Nd5 Nxd5 13. exd5 Nd4 14. c3 Nxf3+ 15. Qxf3 f5 16. d4 cxd4 17. cxd4 e4 18.
Qe3 Qd8 19. f4 Bd7 20. Rac1 Kh8 21. Kh1 g5 22. g3 gxf4 23. gxf4 Be8 24. Be2 Bf7 25. Rg1 Bf6 26. Rg2 Rg8 27. Rcg1 Rxg2 28. Rxg2 b5 29. b4 Bxd5 30. Bd1 Qd7 31. Bb3 Qe6 32.
Qc3 Bxb3 33. axb3 Rc8 34. Qg3 d5 35. Qe3 h6 36. Qg1 Kh7 37. Qd1 e3 38. Qh5 Rg8 39.
Rxg8 Kxg8 40. Qe2 Qe4+ 41. Kg1 Qxf4 42. Kg2 Qe4+ 43. Kf1 Bxd4 44. Bxd4 Qxd4 45. Kg2 Qe4+ 46. Kh2 Qf4+ 47. Kg2 Qf2+ 48. Qxf2 exf2 49. Kxf2 Kf7 0-1

[Event "Late-Titled-Tuesday-Blitz-October-17-2023"]
[Site "Chess.com"]
[Date "2023.10.17"]
[Round "4"]
[White "DarkAlekhine"]
[Black "AryanTari"]
[Result "0-1"]
[WhiteElo "2694"]
[BlackElo "2949"]
[TimeControl "180+1"]
[EndTime "14:39:17 PDT"]
[Termination "AryanTari won by resignation"]

1. e4 c6 2. d4 d5 3. exd5 cxd5 4. Bd3 Nf6 5. c3 Bg4 6. Ne2 e6 7. O-O Bd6 8. Qe1 Bh5 9. Nf4 Bg6 10. Nxg6 hxg6 11. g3 Nc6 12. Nd2 g5 13. Nf3 g4 14.
Ng5 Qe7 15. a4 O-O-O 16. a5 Rh5 17. Qe2 Rdh8 18. h4 gxh3 19. Kh2 e5 20. dxe5 Nxe5 21. Bf5+ Kb8 22. f4 Nc6 23. Qxe7 Nxe7 24. Bc2 Ng4+ 25. Kh1 Bc5 26. Nxf7 Rf8 27. Bd1 Nf6 28. Ne5 Ne4 29. Kh2 Rxe5 30. Bg4 Nc6 31. b4 Nf6 32. Bxh3 Re2+ 33.
Kh1 Be3 34. Bxe3 Rxe3 35. b5 Ne7 36. Rae1 Rxe1 37. Rxe1 Nc8 38. Re6 Ne4 39. Bg2 Nxg3+ 40. Kh2 Nh5 41. f5 Nf4 42. Re5 Nxg2 43. Kxg2 Nd6 44. Rxd5 Nxf5 45. Rd7 Kc8 46. Rd3 Rd8 47. Rxd8+ Kxd8 48. c4 Nd6 0-1

[Event "Late-Titled-Tuesday-Blitz-October-17-2023"]
[Site "Chess.com"]
[Date "2023.10.17"]
[Round "4"]
[White "RichardShtivelband"]
[Black "MFatigue"]
[Result "1-0"]
[WhiteElo "2188"]
[BlackElo "2579"]
[TimeControl "180+1"]
[EndTime "14:39:20 PDT"]
[Termination "RichardShtivelband won by resignation"]

1. d4 d5 2. c4 c6 3. Nc3 Nf6 4. Nf3 dxc4 5. a4 Bf5 6. Ne5 Nbd7 7. Nxc4 Qc7 8. f3 e5 9. dxe5 Nxe5 10. e4 Be6 11. Nxe5 Qxe5 12. Be3 Bb4 13. Qc2 Nd5 14. Bd2 O-O 15. g3 Rae8 16. Bd3 f5 17. f4 Qd4 18. O-O-O Nxc3 19. Bxc3 Qe3+ 20. Kb1 Bxc3 21. bxc3 fxe4 22. Bxe4 Qb6+ 23. Qb2 Bb3 24. Rd4 Rxe4 25. Rxe4 Bd5 26. Rb4 Qe3 27. Rd1 b6 28. Rbd4 Re8 29. c4 Be4+ 30.
Ka1 Bf3 31. Rd7 Re7 32. Rxe7 Qxe7 33. Rc1 Bg4 34. c5 bxc5 35. Qb8+ Kf7 36. Qe5 Qxe5+ 37.
fxe5 Ke6 38. Rxc5 Bf3 39. Kb2 Bd5 40. Kc3 Kxe5 41. Ra5 Kd6 42. Rxa7 h6 43. Rxg7 h5 44. Rh7 Bf3 45. a5 Kc5 46. a6 Kb6 47. a7 c5 48. Rf7 Be4 49. h3 Bg2 50. g4 Bxh3 51. gxh5 Bg2 52. h6 1-0

[Event "Late-Titled-Tuesday-Blitz-October-17-2023"]
[Site "Chess.com"]
[Date "2023.10.17"]
[Round "4"]
[White "amanmuhammethommadov"]
[Black "ameetghasi100"]
[Result "0-1"]
[WhiteElo "2525"]
[BlackElo "2792"]
[TimeControl "180+1"]
[EndTime "14:39:21 PDT"]
[Termination "ameetghasi100 won by resignation"]

1. e4 g6 2. d4 Bg7 3. Nc3 d6 4. h3 Nf6 5. Nf3 O-O 6. Be2 Nc6 7. O-O a6 8. a4 e6 9. Be3 b6 10. Qd2 Bb7 11. Rfe1 Ne7 12. Bd3 c5 13. Bg5 cxd4 14. Nxd4 Qc7 15. Nb3 Nc6 16. Rad1 Ne8 17. Bh6 Rd8 18.
Bf1 Bxh6 19. Qxh6 Qe7 20. Qe3 Qc7 21. Rd2 Ne7 22. Red1 e5 23. Nc1 Nf6 24. Qg5 Kg7 25. Qh4 h6 26. Bd3 d5 27. exd5 Nexd5 28. Nxd5 Rxd5 29.
Na2 Rfd8 30. Nc3 Rd4 31. Qg3 Nh5 32. Qe3 Nf4 33. Bf1 Rxd2 34. Rxd2 Rxd2 35. Qxd2 Qc6 36.
Qe3 Nxg2 37. Qxe5+ Kg8 38. Nd5 Qxd5 39. Qxd5 Bxd5 40. Bxg2 Be6 41. b4 a5 42. bxa5 bxa5 43. Bc6 Kf8 44. f4 Bxh3 45. Kf2 Ke7 46. Ke3 Bd7 47.
Bb5 Bxb5 48. axb5 a4 0-1

[Event "Late-Titled-Tuesday-Blitz-October-17-2023"]
[Site "Chess.com"]
[Date "2023.10.17"]
[Round "4"]
[White "gahryman"]
[Black "tptagain"]
[Result "0-1"]
[WhiteElo "2673"]
[BlackElo "2911"]
[TimeControl "180+1"]
[EndTime "14:39:22 PDT"]
[Termination "tptagain won by resignation"]

1. e4 c5 2. Nc3 Nc6 3. Bc4 e6 4. d3 Nf6 5. a3 d5 6. Bb5 Bd7 7.
Nf3 a6 8. Bxc6 Bxc6 9. Ne5 Rc8 10. O-O Be7 11. Nxc6 Rxc6 12. e5 Nd7 13. Qg4 g6 14. Bf4 h5 15. Qe2 b5 16. h3 Rc8 17. Rae1 Nb8 18.
Nb1 Nc6 19. c3 g5 20. Bh2 Kd7 21. Nd2 Qg8 22. Qe3 d4 23. cxd4 Nxd4 24. Rc1 Qg6 25.
Ne4 Nf5 26. Qd2 g4 27. h4 Rhd8 28. Qa5 Ke8 29. Qxa6 Nd4 30. Rfe1 Kf8 31. Bg3 Kg7 32. Kh2 Qf5 33. Qb7 Bf8 34. Nd6 Bxd6 35. exd6 Kh7 36. Re5 Qg6 37. Rg5 Qf6 38. Rxh5+ Kg6 39. Rg5+ Kh7 40. Be5 Qxf2 41. Rg7+ Kh6 42. Qxf7 Nf3+ 43.
Qxf3 gxf3 44. Rg5 Qxh4+ 45. Kg1 Qxg5 0-1

[Event "Late-Titled-Tuesday-Blitz-October-17-2023"]
[Site "Chess.com"]
[Date "2023.10.17"]
[Round "4"]
[White "Hasangatin_Ramil"]
[Black "as9killer2"]
[Result "1-0"]
[WhiteElo "2717"]
[BlackElo "2513"]
[TimeControl "180+1"]
[EndTime "14:39:22 PDT"]
[Termination "Hasangatin_Ramil won on time"]

1. e4 d6 2. d4 Nf6 3. Nc3 e5 4. dxe5 dxe5 5. Qxd8+ Kxd8 6. Bc4 Be6 7. Bxe6 fxe6 8. f3 Bd6 9. Nh3 Ke7 10. Nf2 Nbd7 11. Nd3 a6 12. a4 c5 13. a5 c4 14. Nf2 Bb4 15. Bd2 Rac8 16. Na4 Bxd2+ 17. Kxd2 Nc5 18. Nd1 Rhd8+ 19. Kc3 Ne8 20. Nb6 Rc7 21. Nxc4 Nd6 22.
Nde3 Nb5+ 23. Kb4 Nd4 24. c3 Nd3+ 25. Ka3 Nb5+ 26. Kb3 Rdc8 27. Rhd1 Nc5+ 28. Kc2 Nd7 29. Rxd7+ Rxd7 30. Nxe5 Rdc7 31. Kd3 Rd8+ 32. Ke2 Rc5 33.
Nd3 Rh5 34. h3 Nd6 35. b4 Rc8 36. Kd2 Nb5 37. Rc1 Rg5 38. g4 e5 39. h4 Rg6 40. Nxe5 Rd6+ 41. Nd5+ Ke6 42. Nd3 Rxd5 43. exd5+ Kxd5 44. c4+ Rxc4 45. Nf4+ Kd4 46. Ne6+ Kd5 47. Rxc4 Kxc4 48. Nxg7 Kxb4 49. g5 Nd4 50. Ke3 Nc6 51. f4 Kc5 52. Ke4 Kd6 53. Nf5+ Ke6 54. Nd4+ Nxd4 55. Kxd4 Kf5 56. h5 1-0

[Event "Late-Titled-Tuesday-Blitz-October-17-2023"]
[Site "Chess.com"]
[Date "2023.10.17"]
[Round "4"]
[White "ArtemDyachuk"]
[Black "Payyappat"]
[Result "1-0"]
[WhiteElo "2682"]
[BlackElo "2474"]
[TimeControl "180+1"]
[EndTime "14:39:25 PDT"]
[Termination "ArtemDyachuk won by checkmate"]

1. e4 c6 2. d4 d5 3. e5 Bf5 4.
Nf3 e6 5. Be2 Ne7 6. Nbd2 Ng6 7.
Nb3 c5 8. dxc5 Bxc5 9. Nxc5 Qa5+ 10. c3 Qxc5 11. Be3 Qc7 12. Nd4 Qxe5 13. Qa4+ Nd7 14. Bb5 Rd8 15. Qxa7 O-O 16. O-O Be4 17.
Rae1 Ra8 18. Qxb7 Nc5 19. Qb6 Nd3 20. Nc6 Qf6 21. f3 Bf5 22. Re2 Ngf4 23. Rd2 Qg6 24. Ne7+ Kh8 25. Nxg6+ hxg6 26. Bxf4 Nxf4 27. a4 Rfb8 28.
Qe3 g5 29. g3 Nh3+ 30. Kg2 f6 31. g4 Nf4+ 32. Qxf4 gxf4 33. gxf5 exf5 34. Rxd5 g6 35.
Rfd1 Kh7 36. Rd7+ Kh6 37. R1d6 Rf8 38. b4 Rae8 39. Kf2 Re3 40. Rd3 Re5 41. R7d5 Re6 42. a5 Rf7 43. a6 Rfe7 44. Rd2 Rb6 45. Bf1 Re3 46. b5 Rxc3 47. Rd6 Rb8 48. a7 Ra8 49. b6 Rb3 50. Ba6 Re8 51. Rd8 Ree3 52. a8=Q Rb1 53. Rh8+ Kg5 54. h4# 1-0

[Event "Late-Titled-Tuesday-Blitz-October-17-2023"]
[Site "Chess.com"]
[Date "2023.10.17"]
[Round "4"]
[White "DanielTitichoca"]
[Black "rasmussvane"]
[Result "0-1"]
[WhiteElo "2582"]
[BlackElo "2973"]
[TimeControl "180+1"]
[EndTime "14:39:26 PDT"]
[Termination "rasmussvane won by resignation"]

1. e4 c6 2. Nc3 d5 3. Nf3 dxe4 4. Nxe4 Nf6 5. Qe2 Nxe4 6. Qxe4 Qa5 7. Bc4 Bf5 8. Qe3 e6 9. b3 Ba3 10. O-O Bxc1 11.
Raxc1 O-O 12. Nd4 Nd7 13. a4 Nb6 14. Nxf5 Qxf5 15. Bd3 Qf6 16. Qc5 Rfd8 17. Rfe1 Rd5 18. Qe3 Rad8 19. Rcd1 g6 20. h3 Kg7 21. Be4 R5d6 22.
a5 Nc8 23. c3 b6 24. axb6 axb6 25. d3 c5 26. c4 Ne7 27. Rb1 Nf5 28. Qc1 Nd4 29. b4 R8d7 30. bxc5 bxc5 31. Rb8 Ra7 32.
Qb2 Rda6 33. Rf1 Ra2 34. Qb6 Ne2+ 35. Kh2 Qf4+ 36. Kh1 Ng3+ 37. fxg3 Qxf1+ 38. Kh2 Rxg2+ 39. Bxg2 Ra2 40. Rg8+ Kxg8 41. Qb8+ Kg7 42. Qe5+ Qf6 43.
Qe4 Qb2 44. h4 h5 45. Kh3 Qxg2+ 46. Qxg2 Rxg2 47. Kxg2 Kf6 48. Kf3 Ke5 49. Ke3 f5 50. Kf3 Kd4 51. Kf4 e5+ 52. Kg5 e4 53. Kxg6 exd3 54.
g4 fxg4 55. Kxh5 d2 0-1

[Event "Late-Titled-Tuesday-Blitz-October-17-2023"]
[Site "Chess.com"]
[Date "2023.10.17"]
[Round "4"]
[White "biostatistician"]
[Black "BobDaKow"]
[Result "1-0"]
[WhiteElo "2591"]
[BlackElo "2076"]
[TimeControl "180+1"]
[EndTime "14:39:26 PDT"]
[Termination "biostatistician won by resignation"]

1. d4 Nf6 2. Nf3 d5 3. c4 e6 4. Nc3 Bb4 5. Bg5 c5 6. cxd5 exd5 7. e3 h6 8. Bxf6 Qxf6 9. Bb5+ Bd7 10. O-O Bxc3 11.
Bxd7+ Nxd7 12. bxc3 c4 13. Rb1 b6 14. Qa4 Qd6 15.
e4 O-O 16. e5 Qe6 17. Nd2 f6 18.
f4 f5 19. Qa6 Rfe8 20. Rb5 Qc6 21. Rfb1 Nf8 22. Nf1 Ne6 23. g3 g5 24. fxg5 hxg5 25.
Ne3 Nc7 26. Qa4 Nxb5 27. Qxb5 Qe6 28. Nxd5 a6 29. Nf6+ Kf7 30. Qxb6 Qxb6 31. Rxb6 a5 32.
Kf2 Rab8 33. Rc6 Rb2+ 34. Kf3 Rxa2 35. Rxc4 a4 36. Rc7+ Ke6 37. h4 g4+ 38. Kf4 Rf2+ 39. Kg5 Rf3 40. Ra7 Rxg3 41. Rxa4 Rh3 42. Ra6+ Kf7 43.
Kxf5 g3 44. Ra1 g2 45. Rg1 Rg3 46. d5 Reg8 47. Nxg8 Rxg8 48. d6 Ke8 49. e6 Kd8 50. c4 Ke8 51. c5 Kd8 52. c6 Ke8 53. c7 Kf8 54. c8=Q+ Kg7 55. Rxg2+ 1-0